3AA
AKRON BLIMPS @ BILOXI SHUCKERS
09/04/2039
 
TOP OF THE 1ST
Akron Blimps batting - Pitching for Biloxi Shuckers : LHP Dan Stokes
Pitching: LHP Dan Stokes
Batting: RHB Ernest Franks 0-0: Ball
1-0: Ball
2-0: Foul Ball, location: 2F
2-1: Fly out, F7 (Flyball, 7, EV 85.0 MPH)
Batting: RHB Roberto Ramos 0-0: Called Strike
0-1: Ball
1-1: Called Strike
1-2: Ball
2-2: Foul Ball, location: 2F
2-2: Strikes out looking
Batting: RHB Mathew Mayo 0-0: Ball
1-0: Foul Ball, location: 2F
1-1: Ball
2-1: Swinging Strike
2-2: Ball
3-2: Foul Ball, location: 2F
3-2: Strikes out swinging
Top of the 1st over - 0 runs, 0 hits, 0 errors, 0 left on base; Akron 0 - Biloxi 0
BOTTOM OF THE 1ST
Biloxi Shuckers batting - Pitching for Akron Blimps : RHP Ken Richmond
Pitching: RHP Ken Richmond
Batting: LHB Dan James 0-0: Ball
1-0: Foul Ball, location: 2F
1-1: Foul Ball, location: 2F
1-2: Fly out, F8 (Flyball, 89XD, EV 88.1 MPH)
Batting: RHB Dave Bauer 0-0: Ball
1-0: Called Strike
1-1: Foul Ball, location: 2F
1-2: SINGLE (Line Drive, 9S, EV 97.5 MPH)
Batting: SHB Jorge Indiano 0-0: Called Strike
0-1: Fly out, F8 (Line Drive, 8RD, EV 110.0 MPH)
Batting: LHB Seb Blanch 0-0: Called Strike
Dave Bauer steals 2nd base
0-1: Ball
1-1: SINGLE (Groundball, 34D, EV 98.1 MPH)
Dave Bauer to third
Runner from 3rd tries for Home, SAFE, no throw by RF
Batting: SHB Ezequiel Oacia 0-0: SINGLE (Line Drive, 6MD, EV 94.4 MPH)
Seb Blanch to second
Batting: RHB Bernardo Rodríguez 0-0: Ball
1-0: Foul Ball, location: 2F
1-1: Foul Ball, location: 2F
1-2: Ground out 1-3 (Groundball, 34S, EV 71.2 MPH)
Bottom of the 1st over - 1 run, 3 hits, 0 errors, 2 left on base; Akron 0 - Biloxi 1
TOP OF THE 2ND
Akron Blimps batting - Pitching for Biloxi Shuckers : LHP Dan Stokes
Batting: RHB Raffaello Dichio 0-0: Ball
1-0: Ball
2-0: Called Strike
2-1: Ground out 6-3 (Groundball, 6, EV 93.1 MPH)
Batting: LHB Bob Giles 0-0: Foul Ball, location: 2F
0-1: Foul Ball, location: 2F
0-2: Strikes out swinging
Batting: RHB Pedro Martínez 0-0: Called Strike
0-1: Foul Ball, location: 2F
0-2: Foul Ball, location: 2F
0-2: Strikes out swinging
Top of the 2nd over - 0 runs, 0 hits, 0 errors, 0 left on base; Akron 0 - Biloxi 1
BOTTOM OF THE 2ND
Biloxi Shuckers batting - Pitching for Akron Blimps : RHP Ken Richmond
Batting: RHB Jessie Merenda 0-0: Foul Ball, location: 2F
0-1: Foul Ball, location: 2F
0-2: Ball
1-2: Strikes out swinging
Batting: RHB Roy Osmond 0-0: Called Strike
0-1: SINGLE (Line Drive, 89M, EV 102.5 MPH)
Batting: RHB Víctor Ortíz 0-0: Ball
1-0: Fly out, F3 (Line Drive, 3, EV 67.5 MPH)
Batting: LHB Dan James 0-0: Called Strike
Roy Osmond steals 2nd base
0-1: Ball
1-1: Ball
2-1: SINGLE (Groundball, 4MD, EV 110.6 MPH)
Roy Osmond to third
Runner from 3rd tries for Home, SAFE, no throw by CF
Batting: RHB Dave Bauer 0-0: Called Strike
Dan James steals 2nd, throwing error, E2
Dan James to third
0-1: Swinging Strike
0-2: SINGLE (Groundball, 56, EV 81.2 MPH) (infield hit)
Dan James scores
Batting: SHB Jorge Indiano 0-0: Ball
Wild Pitch!
Dave Bauer to second
1-0: Ball
2-0: DOUBLE (Line Drive, 78D, EV 109.4 MPH)
Dave Bauer scores
Batting: LHB Seb Blanch 0-0: Foul Ball, location: 2F
0-1: Foul Ball, location: 2F
0-2: Ball
1-2: Ball
2-2: Ball
3-2: Base on Balls
Batting: SHB Ezequiel Oacia 0-0: Called Strike
0-1: Ball
1-1: Ball
2-1: Ball
3-1: Base on Balls
Jorge Indiano to third
Seb Blanch to second
Batting: RHB Bernardo Rodríguez 0-0: Ball
1-0: Swinging Strike
1-1: Ball
2-1: Ball
3-1: Fly out, F8 (Flyball, 89S, EV 88.8 MPH)
Bottom of the 2nd over - 3 runs, 4 hits, 1 error, 3 left on base; Akron 0 - Biloxi 4
TOP OF THE 3RD
Akron Blimps batting - Pitching for Biloxi Shuckers : LHP Dan Stokes
Batting: LHB Pat Carter 0-0: Ball
1-0: Swinging Strike
1-1: Ball
2-1: Foul Ball, location: 2F
2-2: Ball
3-2: Reached on error, E1 (Groundball, P, EV 72.5 MPH)
Batting: RHB José Álvarez 0-0: Swinging Strike
0-1: DOUBLE (Line Drive, 89D, EV 107.5 MPH)
Pat Carter scores
Batting: RHB Jim Robbins 0-0: Ball
1-0: Called Strike
1-1: Called Strike
1-2: Ball
2-2: Foul Ball, location: 2F
2-2: Ball
3-2: Foul Ball, location: 2F
3-2: Fly out, F7 (Line Drive, 7D, EV 100.0 MPH)
Batting: RHB Ernest Franks 0-0: Called Strike
0-1: Ball
1-1: Ball
2-1: Ball
3-1: Fly out, F7 (Flyball, 78M, EV 87.5 MPH)
Batting: RHB Roberto Ramos 0-0: Ball
1-0: Foul Ball, location: 2F
1-1: Ground out 6-3 (Groundball, 56D, EV 97.5 MPH)
Top of the 3rd over - 1 run, 1 hit, 1 error, 1 left on base; Akron 1 - Biloxi 4
BOTTOM OF THE 3RD
Biloxi Shuckers batting - Pitching for Akron Blimps : RHP Ken Richmond
Batting: RHB Jessie Merenda 0-0: Called Strike
0-1: Called Strike
0-2: Ball
1-2: Foul Ball, location: 2F
1-2: Ball
2-2: Strikes out swinging
Batting: RHB Roy Osmond 0-0: SINGLE (Groundball, 6MD, EV 95.6 MPH)
Batting: RHB Víctor Ortíz 0-0: Ball
1-0: Ball
Roy Osmond steals 2nd base
2-0: Fly out, F8 (Flyball, 89D, EV 109.4 MPH)
Batting: LHB Dan James 0-0: Called Strike
0-1: Ball
1-1: Ball
2-1: SINGLE (Line Drive, 78S, EV 95.0 MPH)
Roy Osmond to third
Runner from 3rd tries for Home, SAFE, no throw by LF
Batting: RHB Dave Bauer 0-0: Swinging Strike
0-1: Ball
1-1: Ball
2-1: Swinging Strike
2-2: Strikes out looking
Bottom of the 3rd over - 1 run, 2 hits, 0 errors, 1 left on base; Akron 1 - Biloxi 5
TOP OF THE 4TH
Akron Blimps batting - Pitching for Biloxi Shuckers : LHP Dan Stokes
Batting: RHB Mathew Mayo 0-0: Ball
1-0: Called Strike
1-1: Fly out, F7 (Flyball, 7S, EV 95.0 MPH)
Batting: RHB Raffaello Dichio 0-0: SINGLE (Line Drive, 8RS, EV 108.8 MPH)
Batting: LHB Bob Giles 0-0: Ball
1-0: Ball
2-0: Grounds into double play, 4-6-3 (Groundball, 4, EV 93.8 MPH)
Top of the 4th over - 0 runs, 1 hit, 0 errors, 0 left on base; Akron 1 - Biloxi 5
BOTTOM OF THE 4TH
Biloxi Shuckers batting - Pitching for Akron Blimps : RHP Ken Richmond
Batting: SHB Jorge Indiano 0-0: Ball
1-0: Swinging Strike
1-1: Foul Ball, location: 2F
1-2: Ground out 4-3 (Groundball, 4M, EV 104.4 MPH)
Batting: LHB Seb Blanch 0-0: Ball
1-0: Ball
2-0: Ball
3-0: Called Strike
3-1: Base on Balls
Batting: SHB Ezequiel Oacia 0-0: Called Strike
0-1: Ball
1-1: Foul Ball, location: 2F
1-2: Strikes out swinging
Batting: RHB Bernardo Rodríguez 0-0: Ball
1-0: Swinging Strike
1-1: Ball
2-1: Foul Ball, location: 2F
2-2: Foul Ball, location: 2F
2-2: Foul Ball, location: 2F
2-2: Strikes out swinging
Bottom of the 4th over - 0 runs, 0 hits, 0 errors, 1 left on base; Akron 1 - Biloxi 5
TOP OF THE 5TH
Akron Blimps batting - Pitching for Biloxi Shuckers : LHP Dan Stokes
Batting: RHB Pedro Martínez 0-0: Foul Ball, location: 2F
0-1: DOUBLE (Line Drive, 78M, EV 107.5 MPH)
Batting: LHB Pat Carter 0-0: Ball
1-0: Fly out, F8 (Flyball, 89M, EV 88.8 MPH)
Batting: RHB José Álvarez 0-0: Called Strike
0-1: Called Strike
Pedro Martínez is caught stealing 3rd base 2-5
0-2: Ball
1-2: Fly out, F3 (Popup, 3SF, EV 70.6 MPH)
Top of the 5th over - 0 runs, 1 hit, 0 errors, 0 left on base; Akron 1 - Biloxi 5
BOTTOM OF THE 5TH
Biloxi Shuckers batting - Pitching for Akron Blimps : RHP Ken Richmond
Batting: RHB Jessie Merenda 0-0: SINGLE (Groundball, 56D, EV 101.2 MPH)
Batting: RHB Roy Osmond 0-0: Ball
1-0: Foul Ball, location: 2F
1-1: Grounds into double play, 5-4-3 (Groundball, 5, EV 83.8 MPH)
Batting: RHB Víctor Ortíz 0-0: Foul Ball, location: 2F
0-1: Ball
1-1: Ground out 6-3 (Groundball, 56, EV 83.8 MPH)
Bottom of the 5th over - 0 runs, 1 hit, 0 errors, 0 left on base; Akron 1 - Biloxi 5
TOP OF THE 6TH
Akron Blimps batting - Pitching for Biloxi Shuckers : LHP Dan Stokes
Batting: RHB Jim Robbins 0-0: Ball
1-0: Ball
2-0: SOLO HOME RUN (Flyball, 7D, EV 106.2 MPH), Distance : 389 ft
Batting: RHB Ernest Franks 0-0: Swinging Strike
0-1: Ball
1-1: Called Strike
1-2: Ball
2-2: Foul Ball, location: 2F
2-2: Ball
3-2: Ground out 6-3 (Groundball, 6, EV 87.5 MPH)
Batting: RHB Roberto Ramos 0-0: Fly out, F7 (Flyball, 7D, EV 93.1 MPH)
Batting: RHB Mathew Mayo 0-0: Swinging Strike
0-1: Ball
1-1: Foul Ball, location: 2F
1-2: Strikes out looking
Top of the 6th over - 1 run, 1 hit, 0 errors, 0 left on base; Akron 2 - Biloxi 5
BOTTOM OF THE 6TH
Biloxi Shuckers batting - Pitching for Akron Blimps : RHP Ken Richmond
Batting: LHB Dan James 0-0: Ball
1-0: Ball
2-0: Ball
3-0: Called Strike
3-1: Foul Ball, location: 2F
3-2: Foul Ball, location: 2F
3-2: SINGLE (Line Drive, 7S, EV 88.1 MPH)
Pitching: RHP Hans Rager
Batting: RHB Dave Bauer 0-0: Ball
1-0: Bunted foul
1-1: Ball
2-1: Bunted foul
2-2: Foul Ball, location: 2F
2-2: Ball
3-2: Strikes out swinging
Batting: SHB Jorge Indiano 0-0: Called Strike
0-1: Ball
1-1: Called Strike
Dan James steals 2nd base
1-2: Foul Ball, location: 2F
1-2: Ball
2-2: Ball
3-2: Foul Ball, location: 2F
3-2: Ground out U3 (Groundball, 3, EV 103.1 MPH)
Dan James to third
Batting: LHB Seb Blanch 0-0: Called Strike
0-1: Ball
1-1: Swinging Strike
1-2: Foul Ball, location: 2F
1-2: Foul Ball, location: 2F
1-2: Foul Ball, location: 2F
1-2: 2-RUN HOME RUN (Flyball, 9LD, EV 96.9 MPH), Distance : 347 ft
Batting: SHB Ezequiel Oacia 0-0: Foul Ball, location: 2F
0-1: Called Strike
0-2: Strikes out swinging
Bottom of the 6th over - 2 runs, 2 hits, 0 errors, 0 left on base; Akron 2 - Biloxi 7
TOP OF THE 7TH
Akron Blimps batting - Pitching for Biloxi Shuckers : LHP Dan Stokes
Batting: RHB Raffaello Dichio 0-0: Foul Ball, location: 2F
0-1: Called Strike
0-2: Ball
1-2: Ball
2-2: Strikes out swinging
Batting: LHB Bob Giles 0-0: Ball
1-0: Ball
2-0: Ball
3-0: Base on Balls
Batting: RHB Pedro Martínez 0-0: Ball
1-0: Foul Ball, location: 2F
1-1: Ball
2-1: Swinging Strike
2-2: Strikes out swinging
Pitching: LHP Paolo Speranza
Batting: LHB Pat Carter 0-0: Ball
1-0: Ball
2-0: Fly out, F8 (Flyball, 8RXD, EV 98.8 MPH)
Top of the 7th over - 0 runs, 0 hits, 0 errors, 1 left on base; Akron 2 - Biloxi 7
BOTTOM OF THE 7TH
Biloxi Shuckers batting - Pitching for Akron Blimps : RHP Hans Rager
Batting: RHB Bernardo Rodríguez 0-0: Ball
1-0: SINGLE (Groundball, 34D, EV 97.5 MPH)
Batting: RHB Jessie Merenda 0-0: Swinging Strike
0-1: Ball
1-1: Foul Ball, location: 2F
1-2: Foul Ball, location: 2F
1-2: Ball
2-2: Ball
3-2: Foul Ball, location: 2F
3-2: Base on Balls
Bernardo Rodríguez to second
Batting: RHB Roy Osmond 0-0: Called Strike
0-1: Ball
1-1: Ball
2-1: Swinging Strike
2-2: Ball
3-2: Foul Ball, location: 2F
3-2: Fielders Choice at 2nd, 3-6 (Groundball, 34, EV 101.9 MPH)
Bernardo Rodríguez to third
Pitching: RHP Jackson Cluff
Batting: RHB Víctor Ortíz 0-0: Ball
1-0: Ball
2-0: Foul Ball, location: 2F
2-1: Swinging Strike
2-2: Foul Ball, location: 2F
2-2: Ball
Roy Osmond steals 2nd base (no throw)
3-2: Strikes out swinging
Batting: LHB Dan James 0-0: Called Strike
0-1: Ball
Wild Pitch!
Bernardo Rodríguez scores
Roy Osmond to third
1-1: SINGLE (Groundball, 6D, EV 94.4 MPH)
Roy Osmond scores
Batting: RHB Dave Bauer 0-0: Called Strike
Dan James steals 2nd base (no throw)
0-1: Swinging Strike
0-2: Foul Ball, location: 2F
0-2: Ball
1-2: Hit by Pitch
Batting: SHB Jorge Indiano 0-0: Ball
1-0: Ball
2-0: Called Strike
2-1: Fly out, F5 (Popup, 56S, EV 78.1 MPH)
Bottom of the 7th over - 2 runs, 2 hits, 0 errors, 2 left on base; Akron 2 - Biloxi 9
TOP OF THE 8TH
Akron Blimps batting - Pitching for Biloxi Shuckers : LHP Paolo Speranza
Batting: RHB José Álvarez 0-0: Ball
1-0: Swinging Strike
1-1: Fly out, F8 (Flyball, 8LXD, EV 81.2 MPH)
Batting: RHB Jim Robbins 0-0: Ball
1-0: Fly out, F3 (Popup, 3L, EV 69.4 MPH)
Batting: RHB Ernest Franks 0-0: Called Strike
0-1: SINGLE (Groundball, 6MD, EV 97.5 MPH)
Batting: RHB Roberto Ramos 0-0: Called Strike
0-1: Foul Ball, location: 2F
0-2: Strikes out swinging
Top of the 8th over - 0 runs, 1 hit, 0 errors, 1 left on base; Akron 2 - Biloxi 9
BOTTOM OF THE 8TH
Biloxi Shuckers batting - Pitching for Akron Blimps : RHP Jackson Cluff
Batting: LHB Seb Blanch 0-0: Ball
1-0: Ball
2-0: Ball
3-0: Called Strike
3-1: SINGLE (Flyball, 56D, EV 96.9 MPH)
Batting: SHB Ezequiel Oacia 0-0: Ball
1-0: Ball
2-0: Called Strike
2-1: Fly out, F8 (Line Drive, 8RM, EV 103.1 MPH)
Batting: RHB Bernardo Rodríguez 0-0: Foul Ball, location: 2F
0-1: Ball
1-1: Foul Ball, location: 2F
1-2: Ball
2-2: Foul Ball, location: 2F
2-2: Foul Ball, location: 2F
2-2: Foul Ball, location: 2F
2-2: Foul Ball, location: 2F
2-2: Ball
3-2: Foul Ball, location: 2F
3-2: Foul Ball, location: 2F
3-2: SINGLE (Groundball, 4MD, EV 96.9 MPH)
Seb Blanch to second
Batting: RHB Jessie Merenda 0-0: Ball
1-0: Swinging Strike
1-1: Swinging Strike
1-2: Foul Ball, location: 2F
1-2: Ball
2-2: Ball
3-2: Foul Ball, location: 2F
3-2: Foul Ball, location: 2F
3-2: SINGLE (Groundball, 3, EV 102.5 MPH) (infield hit)
Seb Blanch to third
Bernardo Rodríguez to second
Batting: RHB Roy Osmond 0-0: Called Strike
0-1: Swinging Strike
0-2: Ball
1-2: Strikes out swinging
Batting: RHB Víctor Ortíz 0-0: Fly out, F2 (Popup, 3SF, EV 86.9 MPH)
Bottom of the 8th over - 0 runs, 3 hits, 0 errors, 3 left on base; Akron 2 - Biloxi 9
TOP OF THE 9TH
Akron Blimps batting - Pitching for Biloxi Shuckers : LHP Paolo Speranza
Batting: RHB Mathew Mayo 0-0: Ball
1-0: Called Strike
1-1: Foul Ball, location: 2F
1-2: Ball
2-2: Fly out, F4 (Popup, 4M, EV 61.9 MPH)
Batting: RHB Raffaello Dichio 0-0: Foul Ball, location: 2F
0-1: Fly out, F8 (Line Drive, 8LD, EV 89.4 MPH)
Batting: LHB Bob Giles 0-0: Fly out, F7 (Flyball, 7, EV 86.2 MPH)
Top of the 9th over - 0 runs, 0 hits, 0 errors, 0 left on base; Akron 2 - Biloxi 9
Wednesday, July 8th, 2020 - OOTP Baseball 20.8 Build 74